 Dungeon Crawl Stone Soup version 0.22-a0-406-g9ff8d77 (webtiles) character file.

3313 dstrtnsr the Cleaver (level 9, -5/82 HPs)
             Began as a Deep Dwarf Fighter on May 8, 2018.
             Was a Believer of Makhleb.
             Slain by a cyclops (16 damage)
             ... on level 8 of the Dungeon.
             The game lasted 00:04:28 (2590 turns).

dstrtnsr the Cleaver (Deep Dwarf Fighter)           Turns: 2590, Time: 00:04:29

Health: -5/82      AC:  9    Str: 26    XL:     9   Next: 70%
Magic:  11/12      EV:  8    Int:  9    God:    Makhleb [**....]
Gold:   53         SH: 11    Dex: 12    Spells: 8/8 levels left

rFire    . . .     SeeInvis .   l - +9 war axe "Qagat" {flame, *Drain rElec Str+3}
rCold    . . .     Gourm    .   c - +0 shield
rNeg     . . .     Faith    .   b - +0 scale mail
rPois    .         Spirit   .   h - +0 helmet
rElec    +         Reflect  .   (no cloak)
rCorr    +         Harm     .   (no gloves)
MR       ++...                  (no boots)
Stlth    ..........             (no amulet)
HPRegen  0.00/turn              m - ring of protection from magic
MPRegen  0.13/turn              n - ring of resist corrosion

@: about to teleport, non-regenerating
A: damage resistance, heal wounds, sense surroundings 2, no regeneration
a: Heal Wounds, Minor Destruction, Renounce Religion


You were on level 8 of the Dungeon.
You worshipped Makhleb.
Makhleb was pleased with you.
You were hungry.

You visited 2 branches of the dungeon, and saw 9 of its levels.

You collected 173 gold pieces.
You spent 120 gold pieces at shops.

Inventory:

Hand Weapons
 l - the +9 war axe "Qagat" (weapon) {flame, *Drain rElec Str+3}
   (You found it on level 4 of the Dungeon)

   It has been specially enchanted to burn those struck by it, causing extra
   injury to most foes and up to half again as much damage against particularly
   susceptible opponents.
   Big, fiery blades are also staple armaments of hydra-hunters.
   It affects your strength (+3).
   It insulates you from electricity.
   It causes draining when unequipped.
Armour
 b - a +0 scale mail (worn)
 c - a +0 shield (worn)
 h - a +0 helmet (worn)
Jewellery
 m - a ring of protection from magic (left hand)
 n - a ring of resist corrosion (right hand)
Scrolls
 f - 2 scrolls of magic mapping
 g - 3 scrolls of identify {@r1}
 i - a scroll of teleportation {!d}
 k - 2 scrolls of remove curse {@r2}
Potions
 d - a potion of might
 j - 2 potions of brilliance
Comestibles
 e - 6 rations {!d}


   Skills:
 + Level 5.7 Fighting
 * Level 8.8 Axes
 + Level 6.8 Armour
 + Level 6.8 Shields
 * Level 8.0 Invocations


You had 8 spell levels left.
You didn't know any spells.

Dungeon Overview and Level Annotations

Branches:
Dungeon (8/15)             Temple (1/1) D:5
   Lair: D:8-11

Altars:
Ashenzari
Dithmenos
Fedhas
Gozag
Hepliaklqana
Kikubaaqudgha
Makhleb
Nemelex Xobeh
Okawaru
Qazlal
Ru
Sif Muna
Vehumet
Wu Jian
Xom
Yredelemnul
The Shining One

Shops:
D:6 ?


Innate Abilities, Weirdness & Mutations

You are resistant to damage.
You can heal yourself by infusing magical energy.
You passively map the area around you.
You do not regenerate.


Message History

You barely miss the water moccasin.
The water moccasin is heavily wounded.
The water moccasin barely misses you. You block the water moccasin's attack.
You miss the water moccasin.
The water moccasin is heavily wounded.
The water moccasin completely misses you.
You closely miss the water moccasin.
The water moccasin is heavily wounded.
You block the water moccasin's attack. The water moccasin bites you.
You closely miss the water moccasin.
The water moccasin is heavily wounded.
The water moccasin bites you but does no damage.
You completely miss the water moccasin.
The water moccasin is heavily wounded.
The water moccasin bites you.
The water moccasin bites you but does no damage.
You slash the water moccasin! You burn the water moccasin.
The water moccasin is almost dead.
The water moccasin bites you.
You closely miss the water moccasin.
The water moccasin is almost dead.
The water moccasin bites you but does no damage.
You block the water moccasin's attack.
A water moccasin is nearby!
You hit the water moccasin. You burn the water moccasin.
You kill the water moccasin!
Makhleb accepts your kill. As you open the door, it creaks loudly!
An adder skeleton comes into view.
You hear a howl!
You hear a shout!
Found 8 gold pieces.
A crimson imp comes into view.
There are monsters nearby!
There are monsters nearby!
There are monsters nearby!
There are monsters nearby!
A troll and a howler monkey come into view.
The troll shouts!
The adder skeleton barely misses you.
Found a fizzy purple potion.
There is an open door here.
There are monsters nearby!
You completely miss the crimson imp. You slash the adder skeleton!
You burn the adder skeleton!
You destroy the adder skeleton!
Makhleb accepts your kill.
You feel better.
The crimson imp hits you but does no damage.
You closely miss the crimson imp. You block the crimson imp's attack.
The crimson imp hits you but does no damage.
A cyclops comes into view.
You barely miss the howler monkey.
The cyclops shouts!
You slash the crimson imp!
You kill the crimson imp!
Makhleb accepts your kill.
The howler monkey hits you but does no damage.
The cyclops throws a large rock.
The large rock hits you!!
You are too injured to fight recklessly!
You are too injured to fight recklessly!
You are too injured to fight recklessly!
You fail to use your ability.
The howler monkey hits you but does no damage. x2
Unknown command.
Okay, then.
Unknown command.
You feel much better. You block the howler monkey's attack.
Unknown command.
You hit the troll but do no damage. You slash the howler monkey!
You burn the howler monkey. You block the howler monkey's attack.
You block the troll's attack.
The troll claws you but does no damage. x2
You slash the howler monkey! You burn the howler monkey.
You kill the howler monkey!
Makhleb accepts your kill.
Your Invocations skill increases to level 8!
You barely miss the troll. The troll bites you but does no damage.
The troll barely misses you. You block the troll's attack.
Unknown command.
Your scale mail prevents you from hitting the troll.
The troll bites you! You block the troll's attack. x2
Unknown command.
Your shield and scale mail prevent you from hitting the troll.
The troll bites you!
* * * LOW HITPOINT WARNING * * *
You block the troll's attack. x2; The troll bites you!
* * * LOW HITPOINT WARNING * * *
The troll claws you. You block the troll's attack.
Unknown command.
You are too injured to fight recklessly!
Unknown command.
You are too injured to fight recklessly!
Unknown command.
You are too injured to fight recklessly!
Unknown command.
You are too injured to fight recklessly!
Unknown command.
Okay, then.
As you read the scroll of teleportation, it crumbles to dust.
You feel strangely unstable. The cyclops hits you!
You die...

, * * *, , ,* *, *.. *
* ###### *.# * ,,
).)..# .C, , * ####.#
,* .## #.# #.####.. # *
, * #.# #.##@#.#$# * *
#.# #.#TC#...# *,* #.#
#.#..(.#,* *
##.########....#...#
##........##..#.#.#!# *
, , *
##..#.####.##..#.#..,#*
* #..###.###.##....#.##
, , ,
....#............#.. *
, #..........###...#.#
, ,


You could see a cyclops and a troll.

Vanquished Creatures
  The ghost of PeterMcNeter the Basher, a novice GrBe of Trog (D:7)
  Prince Ribbit (D:8)
  A hippogriff (D:8)
  A hungry ghost (D:8)
  A water moccasin (D:8)
  An orc warrior (D:7)
  An ice beast (D:6)
  A phantom (D:7)
  4 ogres
  3 centaurs
  A big kobold (D:7)
  A gnoll sergeant (D:7)
  9 wights (D:7)
  2 howler monkeys
  6 crimson imps
  A jelly (D:5)
  A quasit (D:7)
  2 hounds (D:4)
  A centaur skeleton (D:6)
  An iguana (D:5)
  An orc wizard (D:7)
  6 worker ants
  7 adders
  4 gnolls (D:7)
  A howler monkey skeleton (D:4)
  2 shadow imps (D:5)
  An adder skeleton (D:8)
  An adder zombie (D:5)
  3 worms
  A dart slug (D:2)
  4 leopard geckos
  20 orcs
  2 ball pythons
  A bat (D:2)
  5 giant cockroaches
  9 goblins
  3 hobgoblins
  5 jackals
  A quokka (D:7)
  4 frilled lizards
  5 kobolds
  A leopard gecko zombie (D:6)
  A quokka skeleton (D:4)
  A quokka zombie (D:3)
  5 rats
134 creatures vanquished.

Notes
Turn   | Place    | Note
-------+----------+-------------------------------------------
     0 | D:1      | dstrtnsr the Deep Dwarf Fighter began the quest for the Orb.
     0 | D:1      | Reached XP level 1. HP: 20/20 MP: 1/1
    75 | D:2      | Reached XP level 2. HP: 27/27 MP: 2/2
   102 | D:2      | Reached XP level 3. HP: 31/34 MP: 3/3
   147 | D:2      | Found a basalt altar of Yredelemnul.
   202 | D:2      | Reached XP level 4. HP: 30/42 MP: 4/4
   508 | D:4      | Reached XP level 5. HP: 30/49 MP: 5/5
   551 | D:4      | Found a shattered altar of Ashenzari.
   553 | D:4      | Found a burning altar of Makhleb.
   555 | D:4      | Noticed an ogre
   576 | D:4      | HP: 13/49 [ogre/giant club (19)]
   578 | D:4      | HP: 6/49 [ogre/giant club (23)]
   583 | D:4      | HP: 19/49 [ogre/giant club (10)]
   584 | D:4      | Killed an ogre
   588 | D:4      | Reached XP level 6. HP: 47/57 MP: 4/4
   646 | D:4      | Got an encrusted war axe
   647 | D:4      | Identified the +9 war axe "Qagat" {flame, *Drain rElec Str+3} (You found it on level 4 of the Dungeon)
   720 | D:4      | Found a glowing golden altar of the Shining One.
  1071 | D:5      | Entered Level 5 of the Dungeon
  1166 | D:5      | Reached skill level 5 in Axes
  1199 | D:5      | Found a staircase to the Ecumenical Temple.
  1222 | Temple   | Entered the Ecumenical Temple
  1468 | D:4      | Became a worshipper of Makhleb the Destroyer
  1553 | D:5      | Reached XP level 7. HP: 42/64 MP: 5/5
  1562 | D:5      | Reached skill level 5 in Armour
  1562 | D:5      | Reached skill level 5 in Shields
  1562 | D:5      | Reached skill level 1 in Invocations
  1609 | D:6      | Found Guah's Magic Scroll Shoppe.
  1618 | D:6      | Bought a scroll of teleportation for 36 gold pieces
  1618 | D:6      | Bought a scroll of magic mapping for 42 gold pieces
  1618 | D:6      | Bought a scroll of amnesia for 42 gold pieces
  1806 | D:7      | HP: 24/66 [gnoll (4)]
  1817 | D:7      | Reached XP level 8. HP: 33/73 MP: 8/8
  1962 | D:7      | Reached * piety under Makhleb
  2098 | D:7      | Reached skill level 5 in Invocations
  2108 | D:7      | Noticed PeterMcNeter's ghost (novice GrBe)
  2130 | D:7      | HP: 26/73 [PeterMcNeter's ghost (5)]
  2136 | D:7      | Killed PeterMcNeter's ghost
  2136 | D:7      | Reached skill level 5 in Fighting
  2166 | D:7      | Gained mutation: You passively map the area around you. [Deep Dwarf growth]
  2166 | D:7      | Reached XP level 9. HP: 72/81 MP: 11/11
  2518 | D:8      | Noticed Prince Ribbit
  2520 | D:8      | HP: 25/81 [Prince Ribbit (8)]
  2525 | D:8      | Killed Prince Ribbit
  2525 | D:8      | Reached ** piety under Makhleb
  2578 | D:8      | Noticed a troll
  2581 | D:8      | Noticed a cyclops
  2581 | D:8      | HP: 28/82 [cyclops/large rock (30)]
  2589 | D:8      | HP: 24/82 [troll (11)]
  2589 | D:8      | HP: 11/82 [troll (13)]
  2590 | D:8      | Slain by a cyclops

Vault maps used:
D:1:      saegor_arrival_simple_d, okawaru_ov_weapons_minmay
D:2:      old_standard_altar, first_ration, uniq_crazy_yiuf_cottage
D:3:      zin_angel
D:4:      lemuel_crystal_altar, chequers_temple_overflow_statue_of_worship,
          minmay_misc_feat_rugged
D:5:      lightli_temple_of_fire, minmay_temple_entry_glass, minivault_24,
          uniq_duvessa
D:6:      elyvilon_altar_1, serial_shops, shop, portal_sewer_entry_b
D:7:      enter_bailey_3
D:8:      lemuel_coloured_pillars_altar, hangedman_minor_gate_pass, uniq_psyche,
          uniq_prince_ribbit1
Temple:   nicolae_temple_figure_eight

Skill      XL: |  1  2  3  4  5  6  7  8  9 |
---------------+----------------------------+-----
Fighting       | 3 4 5 |  5.7
Axes           | 3 4 5 6 7 8 |  8.8
Armour         | 4 5 6 |  6.8
Shields        | 4 5 6 |  6.8
Invocations    | 3 6 8 |  8.0

Action                   |  1- 3 |  4- 6 |  7- 9 || total
-------------------------+-------+-------+-------++-------
Melee: War axe           |    83 |   124 |   196 ||   403
       Hand axe          |       |     1 |       ||     1
 Abil: Heal Wounds       |       |     6 |     7 ||    13
  Use: Scroll            |       |     2 |     2 ||     4
  Eat: Chunk             |       |     2 |     5 ||     7
Armor: Scale mail        |    47 |    40 |    62 ||   149
Dodge: Dodged            |    20 |    39 |    56 ||   115
Block: Shield            |    54 |    63 |    88 ||   205

Table legend:
 A = Spawn XP
 B = Non-spawn XP
 C = Spawn XP percentage of total XP
 D = Spawn monster count
 E = Non-spawn monster count
 F = Spawn count percentage of total count
 G = Total turns spent on level
                    A         B        C        D         E        F      G
               +---------+---------+-------+---------+---------+-------+---------
         Total |       0 |    4734 |   0.0 |       0 |     134 |   0.0 |  2590
               +---------+---------+-------+---------+---------+-------+---------
           D:1 |       0 |      10 |   0.0 |       0 |       6 |   0.0 |    55
           D:2 |       0 |      92 |   0.0 |       0 |      21 |   0.0 |   190
           D:3 |       0 |      32 |   0.0 |       0 |      16 |   0.0 |   223
           D:4 |       0 |     331 |   0.0 |       0 |      22 |   0.0 |   638
           D:5 |       0 |     453 |   0.0 |       0 |      12 |   0.0 |   286
           D:6 |       0 |     300 |   0.0 |       0 |       8 |   0.0 |   189
           D:7 |       0 |    2371 |   0.0 |       0 |      40 |   0.0 |   696
           D:8 |       0 |    1145 |   0.0 |       0 |       9 |   0.0 |   113
               +---------+---------+-------+---------+---------+-------+---------
